cohdb
Replays
Latest Replays
All Replays
Popular Replays
Top Player Replays
Match Explorer
How It Works
Community
CoH3 Stats
Reddit
Sign in to upload your games and track your stats! →
Sign in with Steam
Match 42087849
Unlisted
Match 42087849
Overview
Messages
Build Orders
End
Kradschützen Motorcycle Team
Panzergrenadier Squad
Panzergrenadier Squad
Construct Light Support Kompanie
250 Light Carrier
Combat Half-tracks
Fire Support Elements
Panzerjäger Mechanized Group
Flakvierling Half-track
Vehicle Survival Package
le.IG 18 Support Gun Team
Selects Armored Support Battlegroup
Selects Superior Fire Drills
Selects Flammpanzer III Medium Tank
Flammpanzer III Medium Tank
Construct Panzerarmee Kommand
Emergency Repair Kits
Selects Salvage Kits
Armored Reserves
Veteran Squad Leaders
Selects Panzer Storm
Panzer IV Assault Group
Panzer III L Medium Tank
Selects Stuka Anti-tank Loiter
WordBearers[Borgore]
Nostalgi@
0
0
Comments
sign in to comment!
No comments posted yet!